 Dungeon Crawl Stone Soup version 0.26-a0-520-g952f204493 (webtiles) character file.

Game seed: 16740013863476808444

306 Gargoyl the Skirmisher (level 6, -4/79 HPs)
             Began as a Gnoll Abyssal Knight on Aug 12, 2020.
             Was a Believer of Lugonu.
             Slain by Pikel
             ... wielding a +1 whip of electrocution
              (9 damage)
             ... on level 3 of the Dungeon.
             The game lasted 00:03:35 (2824 turns).

Gargoyl the Skirmisher (Gnoll Abyssal Knight)       Turns: 2824, Time: 00:03:35

Health: -4/79      AC: 12    Str: 17    XL:     6   Next: 39%
Magic:  9/9        EV:  6    Int: 14    God:    Lugonu [**....]
Gold:   102        SH: 11    Dex: 14    Spells: 9/9 levels left

rFire    . . .     SeeInvis .   a - +2 hand axe
rCold    . . .     Faith    .   e - +3 kite shield
rNeg     . . .     Spirit   .   f - +0 chain mail
rPois    .         Reflect  .   d - +0 helmet
rElec    .         Harm     .   (no cloak)
rCorr    .                      g - +0 pair of gloves
MR       .....                  (no boots)
Stlth    ..........             (no amulet)
HPRegen  0.23/turn              (no ring)
MPRegen  0.11/turn              (no ring)

@: berserking, very quick
A: distributed training, fangs 1, strong nose
a: Depart the Abyss, Bend Space, Renounce Religion


You were on level 3 of the Dungeon.
You worshipped Lugonu.
Lugonu was pleased with you.
You visited 1 branch of the dungeon, and saw 4 of its levels.
You visited the Abyss 1 time.

You collected 102 gold pieces.

Inventory:

Hand Weapons
 a - a +2 hand axe (weapon)
Missiles
 i - 11 boomerangs (quivered)
Armour
 d - a +0 helmet (worn)
 e - a +3 kite shield (worn)
 f - a +0 chain mail (worn)
 g - a +0 pair of gloves (worn)
Scrolls
 h - a scroll of blinking
 m - a scroll of identify {unknown}
 o - a scroll of teleportation {unknown}
Potions
 b - 2 potions of berserk rage
 c - a potion of cancellation {unknown}
 j - a potion of might {unknown}
 k - 2 potions of lignification {unknown}
 l - a potion of mutation {unknown}
 n - a potion of curing {unknown}
 p - a potion of heal wounds {unknown}
 q - a potion of ambrosia {unknown}


   Skills:
 + Level 6.8 Fighting
 + Level 2.0 Short Blades
 + Level 2.0 Long Blades
 + Level 5.0 Axes
 + Level 2.0 Maces & Flails
 + Level 2.0 Polearms
 + Level 2.0 Staves
 + Level 2.0 Slings
 + Level 2.0 Bows
 + Level 2.0 Crossbows
 + Level 2.0 Throwing
 + Level 5.0 Armour
 + Level 3.2 Dodging
 + Level 2.0 Stealth
 + Level 2.0 Shields
 + Level 2.0 Unarmed Combat
 + Level 2.0 Spellcasting
 + Level 1.5 Conjurations
 + Level 1.5 Hexes
 + Level 1.5 Summonings
 + Level 1.5 Necromancy
 + Level 1.5 Translocations
 + Level 1.5 Transmutations
 + Level 1.5 Fire Magic
 + Level 1.5 Ice Magic
 + Level 1.5 Air Magic
 + Level 1.5 Earth Magic
 + Level 1.5 Poison Magic
 + Level 5.1 Invocations
 + Level 2.0 Evocations


You had 9 spell levels left.
You didn't know any spells.
Your spell library contained the following spells:

 Spells                   Type           Power        Failure   Level
 Confusing Touch          Hex            #.......     100%        3
 Gell's Gravitas          Tloc           #.........   100%        3
 Petrify                  Tmut/Erth      #.......     100%        4
 Metabolic Englaciation   Hex/Ice        #.........   100%        5
 Yara's Violent Unravell  Hex/Tmut       #.........   100%        5


Dungeon Overview and Level Annotations

Branches:
Dungeon (4/15)
 Temple: D:4-7

Altars:
Nemelex Xobeh

Annotations:
D:3 Pikel
D:4 Natasha


Innate Abilities, Weirdness & Mutations

Your experience applies equally to all skills.
You have very sharp teeth.
Your uncanny sense of smell can sniff out nearby items.


Message History

You slash the worker ant!
You kill the worker ant!
Lugonu accepts your kill.
Your Short Blades skill increases to level 2!
Your Long Blades skill increases to level 2!
Your Axes skill increases to level 5!
Your Maces & Flails skill increases to level 2!
Your Polearms skill increases to level 2!
Your Staves skill increases to level 2!
Your Slings skill increases to level 2!
Your Bows skill increases to level 2!
Your Crossbows skill increases to level 2!
Your Throwing skill increases to level 2!
Your Armour skill increases to level 5!
Your Stealth skill increases to level 2!
Your Shields skill increases to level 2!
Your Unarmed Combat skill increases to level 2!
Your Spellcasting skill increases to level 2!
Your Evocations skill increases to level 2!
Pikel hits you but does no damage.
You are electrocuted!
You die...

##.# #.# #.##.... ##.######
#.### #.##.###
........#######...########.##.#
.........[..<.#............##.#
##.#.#..........#.###########.#
##.#.#...##.....#.# #.#
##.#..###......(..## #.#
[.....# #......†...# #.#
##.#..###......†@..##########.#
#.#.#...##....K#.............#
#.#.##.####÷..##.#############
##...........(###.#
...........)>.....#
..##..........#####
#.......#####.# #### #########
#.# #... #.################.##


You could see Pikel (fast).

Vanquished Creatures
  An ogre (D:3)
  2 lemures (D:3)
  A howler monkey (D:3)
  A hound (D:3)
  An iguana (D:3)
  A worker ant (D:3)
  Robin (D:3)
  2 adders (D:3)
  3 dart slugs (D:1)
  3 leopard geckos
  5 orcs (D:3)
  4 bats (D:1)
  A giant cockroach (D:1)
  11 goblins
  10 hobgoblins
  A quokka (D:3)
  2 ball pythons (D:3)
  5 frilled lizards
  5 kobolds
  5 rats
65 creatures vanquished.

Vanquished Creatures (others)
  A lurking horror (Abyss:2)
1 creature vanquished.

Grand Total: 66 creatures vanquished

Notes
Turn   | Place    | Note
-------+----------+-------------------------------------------
     0 | Abyss:1  | Gargoyl the Gnoll Abyssal Knight began the quest for the
                  | Orb.
     0 | Abyss:1  | Reached XP level 1. HP: 23/23 MP: 3/3
     4 | Abyss:1  | Found a corrupted altar of Lugonu.
    95 | Abyss:2  | Noticed a ynoxinul
    95 | Abyss:2  | Noticed a large abomination
   102 | Abyss:3  | Found a corrupted altar of Lugonu.
   201 | Abyss:3  | Noticed a starcursed mass
   212 | Abyss:3  | Noticed a thrashing horror
   213 | Abyss:3  | Noticed a thrashing horror
   215 | D:1      | Escaped the Abyss
   437 | D:1      | Reached * piety under Lugonu
   580 | D:1      | Reached XP level 2. HP: 29/29 MP: 5/5
  1095 | D:1      | Reached XP level 3. HP: 35/35 MP: 6/6
  1498 | D:2      | Reached ** piety under Lugonu
  1576 | D:2      | Found a sparkling altar of Nemelex Xobeh.
  1796 | D:3      | Reached skill level 1 in Short Blades
  1796 | D:3      | Reached skill level 1 in Long Blades
  1796 | D:3      | Reached skill level 1 in Maces & Flails
  1796 | D:3      | Reached skill level 1 in Polearms
  1796 | D:3      | Reached skill level 1 in Staves
  1796 | D:3      | Reached skill level 1 in Slings
  1796 | D:3      | Reached skill level 1 in Bows
  1796 | D:3      | Reached skill level 1 in Crossbows
  1796 | D:3      | Reached skill level 1 in Throwing
  1796 | D:3      | Reached skill level 1 in Stealth
  1796 | D:3      | Reached skill level 1 in Shields
  1796 | D:3      | Reached skill level 1 in Unarmed Combat
  1796 | D:3      | Reached skill level 1 in Spellcasting
  1796 | D:3      | Reached skill level 1 in Evocations
  1801 | D:3      | Reached XP level 4. HP: 41/41 MP: 7/7
  1883 | D:3      | Reached skill level 1 in Conjurations
  1883 | D:3      | Reached skill level 1 in Hexes
  1883 | D:3      | Reached skill level 1 in Summonings
  1883 | D:3      | Reached skill level 1 in Necromancy
  1883 | D:3      | Reached skill level 1 in Translocations
  1883 | D:3      | Reached skill level 1 in Transmutations
  1883 | D:3      | Reached skill level 1 in Fire Magic
  1883 | D:3      | Reached skill level 1 in Ice Magic
  1883 | D:3      | Reached skill level 1 in Air Magic
  1883 | D:3      | Reached skill level 1 in Earth Magic
  1883 | D:3      | Reached skill level 1 in Poison Magic
  2070 | D:3      | Noticed Robin
  2084 | D:3      | Killed Robin
  2084 | D:3      | Reached XP level 5. HP: 25/47 MP: 8/8
  2483 | D:4      | Noticed Natasha
  2483 | D:4      | Noticed an ogre
  2490 | D:3      | Killed an ogre
  2490 | D:3      | Reached skill level 5 in Invocations
  2536 | D:4      | Noticed a lemure
  2536 | D:4      | Noticed a lemure
  2550 | D:3      | Killed a lemure
  2559 | D:3      | Reached XP level 6. HP: 39/53 MP: 9/9
  2743 | D:4      | Noticed Pikel
  2824 | D:3      | Reached skill level 5 in Axes
  2824 | D:3      | Reached skill level 5 in Armour
  2824 | D:3      | Slain by Pikel

Illustrated notes

Levels and vault maps discovered:
D:1:      zelgadis_glass_arrival_small, layout_basic, dk_noncrumbling_4,
          minmay_tall_x
D:2:      layout_rooms, lemuel_coloured_pillars_altar
D:3:      layout_loops_ring, feat_on_display, uniq_robin
D:4:      layout_cave_pools, riverfiend_overflow_shadow_ancestor,
          eat_drink_and_be_merry_uskayaw, cheibrodos_sewer_entry_sluice,
          grunt_decor_clamped, lemuel_tele_altar, uniq_pikel, uniq_natasha

Skill      XL: |  1  2  3  4  5  6 |
---------------+-------------------+-----
Short Blades   | 1 2 |  2.0
Long Blades    | 1 2 |  2.0
Maces & Flails | 1 2 |  2.0
Polearms       | 1 2 |  2.0
Staves         | 1 2 |  2.0
Slings         | 1 2 |  2.0
Bows           | 1 2 |  2.0
Crossbows      | 1 2 |  2.0
Throwing       | 1 2 |  2.0
Stealth        | 1 2 |  2.0
Shields        | 1 2 |  2.0
Unarmed Combat | 1 2 |  2.0
Spellcasting   | 1 2 |  2.0
Evocations     | 1 2 |  2.0
Conjurations   | 1 |  1.5
Hexes          | 1 |  1.5
Summonings     | 1 |  1.5
Necromancy     | 1 |  1.5
Translocations | 1 |  1.5
Transmutations | 1 |  1.5
Fire Magic     | 1 |  1.5
Ice Magic      | 1 |  1.5
Air Magic      | 1 |  1.5
Earth Magic    | 1 |  1.5
Poison Magic   | 1 |  1.5
Dodging        | 3 |  3.2
Invocations    | 5 |  5.1
Axes           | 5 |  5.0
Armour         | 5 |  5.0
Fighting       | |  6.8

Action                   |  1- 3 |  4- 6 || total
-------------------------+-------+-------++-------
Melee: Hand axe          |   100 |    79 ||   179
       Bite              |    13 |     8 ||    21
Invok: Depart the Abyss  |     1 |       ||     1
  Use: Scroll            |     8 |       ||     8
       Potion            |     1 |     1 ||     2
Armor: Chain mail        |    66 |    53 ||   119
Dodge: Dodged            |    20 |    24 ||    44
Block: Kite shield       |    52 |    82 ||   134

Table legend: (Time is in decaauts)
 A = Elapsed time spent in this place.
 B = Non-inter-level travel time spent in this place.
 C = Inter-level travel time spent in this place.
 D = Time resting spent in this place.
 E = Time spent auto-exploring this place.
 F = Levels seen in this place.
 G = Mean time per level.
                   A        B        C        D        E       F      G
               +--------+--------+--------+--------+--------+-----+--------+
         Total |   2853 |   2747 |    106 |    605 |   1572 |   7 |  407.6 |
       Dungeon |   2638 |   2532 |    106 |    605 |   1425 |   4 |  659.5 |
         Abyss |    215 |    215 |      0 |      0 |    147 |   3 |   71.7 |
               +--------+--------+--------+--------+--------+-----+--------+

Top non-repeatable levels by time:
     D:3: 1227 daAuts
     D:1: 1010 daAuts
     D:2: 389 daAuts
 Abyss:3: 117 daAuts
 Abyss:2: 50 daAuts
 Abyss:1: 47 daAuts
     D:4: 11 daAuts
